 Dungeon Crawl Stone Soup version 0.18.1-48-g4cf74bf (webtiles) character file.

176 Ruka the Slasher (level 5, -3/41 HPs)
             Began as a Human Abyssal Knight on Sept 5, 2016.
             Was a Believer of Lugonu.
             Slain by Grinder (5 damage)
             ... on level 3 of the Dungeon.
             The game lasted 00:20:12 (2870 turns).

Ruka the Slasher (Human Abyssal Knight)             Turns: 2870, Time: 00:20:13

Health: -3/41      AC:  6    Str: 13    XL:     5   Next: 86%
Magic:  6/6        EV:  6    Int: 12    God:    Lugonu [**....]
Gold:   117        SH:  0    Dex: 13    Spells: 0 memorised, 4 levels left

rFire  + . .     SeeInvis .     a - +2 falchion
rCold  . . .     Gourm    .     h - +2 leather armour {rF+}
rNeg   . . .     Faith    .     (no shield)
rPois  .         Spirit   .     (no helmet)
rElec  .         Dismiss  .     (no cloak)
rCorr  .         Reflect  .     i - +0 pair of gloves
SustAt .         Harm     .     (no boots)
MR     .....                    (no amulet)
Stlth  +.........               (no ring)
                                (no ring)

@: not resistant to hostile enchantments, very unstealthy
A: no striking features
a: Depart the Abyss, Bend Space, Renounce Religion


You were on level 3 of the Dungeon.
You worshipped Lugonu.
Lugonu was pleased with you.
You were not hungry.

You visited 1 branch of the dungeon, and saw 4 of its levels.
You visited the Abyss 1 time.

You collected 117 gold pieces.

Inventory:

Hand Weapons
 a - a +2 falchion (weapon)
 t - a +0 club
Armour
 b - a +0 leather armour
 h - a +2 leather armour of fire resistance (worn)
 i - a +0 pair of gloves (worn)
 o - a +1 robe of positive energy
Jewellery
 r - a cursed -2 ring of protection {unknown}
Wands
 j - a wand of iceblast (15/15)
 s - a wand of random effects (23/48)
Scrolls
 w - a scroll of remove curse
Potions
 d - 2 potions of mutation
 e - 2 potions of resistance
 k - 2 potions of brilliance
 l - a potion of heal wounds {unknown}
 m - a potion of curing {unknown}
 n - a potion of berserk rage {unknown}
 p - a potion of degeneration {unknown}
 q - a potion of haste {unknown}
 v - a potion of magic {unknown}
Comestibles
 c - 2 bread rations
 f - a royal jelly
 g - a fruit
 u - 3 chunks of flesh


   Skills:
 - Level 3.2 Fighting
 + Level 5.4 Long Blades
 - Level 2.0 Armour
 - Level 1.0 Dodging
 - Level 2.0 Invocations


You had 4 spell levels left.
You didn't know any spells.

Dungeon Overview and Level Annotations

Branches:
Dungeon (4/15)
 Temple: D:4-7

Altars:
Ashenzari
Fedhas
Xom

Annotations:
D:3 Grinder, Natasha


Message History

Okay, then.
Press: ? - help, v - describe, . - travel The floor.
You hit the hound skeleton.
You destroy the hound skeleton!
Lugonu accepts your kill.
There is a stone staircase leading up here.
The orc wizard is no longer moving quickly.
The orc wizard hits you but does no damage.
You climb upwards.
Level annotation: Grinder Grinder shouts!
Natasha, Servant of Life and Death comes into view.
Natasha hisses angrily.
Grinder blinks!
There is a stone staircase leading down here.
Grinder hits you!
* * * LOW HITPOINT WARNING * * *
You writhe in agony.
You die...

########...#................####
###............#........#*
###.............#####...
#.............# **#.
#...........### #. ##.........##
*#. #....h.....#########..
#...(5..............,*
#...(@.....########***
#....(.....# #........).#
##.........### ##......#...###
###ยง.#####....## ##...##
####..## ##..### #...#### #..##
#......##


You could see Grinder and Natasha.

Vanquished Creatures
  Jessica (D:2)
  Natasha (twice) (D:3)
  A hound skeleton (D:4)
  2 oozes
  2 worms
  2 dart slugs (D:1)
  A giant gecko (D:1)
  9 orcs
  A ball python (D:2)
  3 giant cockroaches (D:3)
  4 hobgoblins
  5 jackals
  A bat (D:1)
  A giant newt (D:3)
  3 goblins
  8 kobolds
  6 rats
52 creatures vanquished.

Vanquished Creatures (others)
  An orc wizard (D:4)
1 creature vanquished.

Grand Total: 53 creatures vanquished

Notes
Turn   | Place    | Note
--------------------------------------------------------------
     0 | Abyss:1  | Ruka the Human Abyssal Knight began the quest for the Orb.
     0 | Abyss:1  | Reached XP level 1. HP: 18/18 MP: 2/2
     0 | D:1      | Escaped the Abyss
    54 | D:1      | Reached * piety under Lugonu
   111 | D:1      | Reached XP level 2. HP: 24/24 MP: 3/3
   364 | D:1      | Reached skill level 3 in Long Blades
   364 | D:1      | Reached XP level 3. HP: 29/29 MP: 4/4
   990 | D:2      | Found a shimmering altar of Xom.
  1228 | D:2      | Noticed Jessica
  1268 | D:2      | Killed Jessica
  1268 | D:2      | Reached skill level 4 in Long Blades
  1268 | D:2      | Reached XP level 4. HP: 17/35 MP: 5/5
  1737 | D:3      | Noticed Natasha
  1745 | D:3      | Killed Natasha
  1753 | D:3      | Noticed Grinder
  1868 | D:3      | Found a faded altar to an unknown god.
  1877 | D:3      | Reached ** piety under Lugonu
  1877 | D:3      | Reached XP level 5. HP: 41/41 MP: 6/6
  2061 | D:3      | Noticed Natasha
  2067 | D:3      | Killed Natasha
  2204 | D:3      | Found a shattered altar of Ashenzari.
  2204 | D:3      | Found a blossoming altar of Fedhas.
  2251 | D:3      | Reached skill level 5 in Long Blades
  2869 | D:3      | Noticed Natasha
  2870 | D:3      | HP: 2/41 [Grinder (7)]
  2870 | D:3      | Slain by Grinder

Skill      XL: |  1  2  3  4  5 |
---------------+----------------+-----
Long Blades    | 3 4 5 |  5.4
Fighting       | |  3.2
Armour         | |  2.0
Dodging        | |  1.0
Invocations    | |  2.0

Action                   |  1- 3 |  4- 6 || total
-------------------------+-------+-------++-------
Melee: Falchion          |    83 |   111 ||   194
Invok: Depart the Abyss  |     1 |       ||     1
  Use: Scroll            |     6 |     4 ||    10
 Stab: Sleeping          |       |     1 ||     1
  Eat: Bread ration      |     1 |       ||     1
       Beef jerky        |       |     1 ||     1
       Chunk             |       |     1 ||     1
Armor: Leather armour    |    27 |    34 ||    61
Dodge: Dodged            |    44 |    54 ||    98
